 Dungeon Crawl Stone Soup version 0.17-a0-915-g8914353 (webtiles) character file.

8351 Lathuz the Blocker (level 11, -28/97 HPs)
             Began as a Minotaur Fighter on May 3, 2015.
             Was an Elder of Okawaru.
             Annihilated by a hill giant
             ... wielding a +0 giant club
              (31 damage)
             ... on level 9 of the Dungeon on May 4, 2015.
             The game lasted 00:34:05 (9627 turns).

Lathuz the Blocker (Minotaur Fighter)               Turns: 9627, Time: 00:34:06

Health: -28/97     AC: 16    Str: 20    XL:     11   Next: 8%
Magic:  9/10       EV:  9    Int:  5    God:    Okawaru [****..]
Gold:   635        SH: 15    Dex: 14    Spells: 0 memorised, 10 levels left

rFire  . . .     SeeInvis .     b - +2 flail (crush)
rCold  . . .     Clarity  .     u - +0 plate armour
rNeg   . . .     SustAb   .     c - +0 shield
rPois  .         Gourm    .     (helmet restricted)
rElec  .         Spirit   .     (no cloak)
rCorr  .         Warding  .     (no gloves)
rMut   .         Stasis   .     (no boots)
MR     .....                    (no amulet)
Stlth  ..........               (no ring)
                                (no ring)

@: heroism, slowed, very slow, not resistant to hostile enchantments, extremely
unstealthy
A: retaliatory headbutt, horns 2
a: Heroism, Renounce Religion


You were on level 9 of the Dungeon.
You worshipped Okawaru.
Okawaru was greatly pleased with you.
You were not hungry.

You visited 2 branches of the dungeon, and saw 11 of its levels.

You collected 635 gold pieces.

Inventory:

Hand weapons
 a - a +0 flail
 b - a +2 flail of crushing (weapon)
Missiles
 M - a throwing net (quivered)
Armour
 c - a +0 shield (worn)
 u - a +0 plate armour (worn)
Jewellery
 O - a +2 ring of dexterity
 T - an uncursed amulet of regeneration
 W - an uncursed ring of stealth {unknown}
Magical devices
 j - a wand of fire (0)
 o - a wand of digging (24)
 x - a wand of paralysis (9)
 y - a wand of frost (15)
 I - a wand of polymorph (11)
 P - a wand of teleportation (3)
Scrolls
 f - 11 scrolls of identify
 g - 3 scrolls of teleportation {unknown}
 i - a scroll of amnesia {unknown}
 k - 2 scrolls of enchant weapon
 p - 4 scrolls of recharging
 w - 2 scrolls of enchant armour {unknown}
 D - a scroll of random uselessness {unknown}
 F - 2 scrolls of fog {unknown}
 G - a scroll of vulnerability {unknown}
 J - a scroll of magic mapping {unknown}
 L - 2 scrolls of fear {unknown}
 N - 4 scrolls of blinking {unknown}
 V - a scroll of brand weapon {unknown}
Potions
 d - 3 potions of might
 h - a potion of invisibility {unknown}
 l - 4 potions of curing {unknown}
 m - 2 potions of degeneration {unknown}
 n - a potion of cancellation {unknown}
 r - a potion of cure mutation {unknown}
 t - a potion of haste {unknown}
 z - 2 potions of magic {unknown}
 A - 3 potions of lignification {unknown}
 B - 5 potions of heal wounds {unknown}
 C - a potion of brilliance {unknown}
 E - a potion of experience {unknown}
 H - 3 potions of resistance {unknown}
 Q - a potion of ambrosia {unknown}
 R - a potion of agility {unknown}
Books
 U - a book of Alchemy

   Spells                             Type                      Level
   a - Sublimation of Blood           Necromancy                   2
   b - Ignite Poison                  Fire/Transmutation/Poison    3
   c - Alistair's Intoxication        Transmutation/Poison         4
   d - Condensation Shield            Ice                          4
   e - Petrify                        Transmutation/Earth          4
   f - Irradiate                      Conjuration/Transmutation    5
Comestibles
 e - 3 bread rations
 q - 2 beef jerkies
 s - 3 meat rations
 K - 7 fruits


   Skills:
 + Level 9.4(14.4) Fighting
 - Level 10.1(15.1) Maces & Flails
 + Level 9.5(14.5) Armour
 * Level 13.2(18.2) Shields


You had 10 spell levels left.
You didn't know any spells.

Dungeon Overview and Level Annotations

Branches:
Dungeon (10/15)            Temple (1/1) D:6             Orc (0/4) D:9
   Lair: D:8-11

Altars:
Ashenzari
Cheibriados
Dithmenos
Elyvilon
Fedhas
Gozag
Kikubaaqudgha
Makhleb
Nemelex Xobeh
Okawaru
Qazlal
Ru
Sif Muna
Trog
Vehumet
Xom
Yredelemnul
Zin
The Shining One

Shops:
D:7 *

Annotations:
D:8 exclusion: 2 oklob saplings
D:10 Josephine


Innate Abilities, Weirdness & Mutations

You reflexively headbutt those who attack you in melee.
You have a pair of horns on your head.


Message History

You are too injured to fight recklessly!
You are too injured to fight recklessly!
You hit the crocodile but do no damage. Your headbutt misses the crocodile.
The crocodile is moderately wounded.
You block the crocodile's attack. You block the wraith's attack.
You block the hill giant's attack.
You hit the crocodile.
The crocodile is heavily wounded.
The crocodile barely misses you. The wraith hits you but does no damage.
You barely miss the crocodile.
The crocodile is heavily wounded.
The hill giant hits you with a giant club!!
* * * LOW HITPOINT WARNING * * *
You block the crocodile's attack. You block the wraith's attack.
Your plate armour prevents you from hitting the crocodile.
You headbutt the crocodile.
The crocodile is severely wounded.
You block the crocodile's attack.
The hill giant hits you with a giant club!!
You die...

..####............)........######
8....#........#..#[........######
.....#............)).##..........
.....#.....................######
.)...##......#......#......###
.[....########.##.<..........#
..).....# ###.##.....##...#.#
>...8...####...##......#.....####
......#..##..###@t.###........##.
.[....##....###CW#.# #.##..#.....
.....####..####.##.# #.#.........
.....# #...###..##.###......#....
.....###...........##.....#.##.#.
8....#.......########.#..##.##.##
..####........####.......##.##...
................##.##..#..#.#####
.............##.##.######.#...##.


You could see a hill giant, a wraith and a crocodile.

Vanquished Creatures
  Pikel (D:8)
  A cyclops (D:9)
  Prince Ribbit (D:8)
  10 yaks
  A hill giant zombie (D:9)
  A hippogriff (D:7)
  3 hungry ghosts
  2 orc warriors
  3 water moccasins
  A sky beast (D:8)
  3 wandering mushrooms (D:8)
  Duvessa (D:4)
  A black bear (D:7)
  5 ice beasts
  3 centaurs
  2 phantoms (D:9)
  A necrophage (D:5)
  9 ogres
  2 big kobolds (D:7)
  Blork the orc (D:5)
  4 giant frogs
  Dowan (D:4)
  4 scorpions
  4 killer bees (D:7)
  2 crimson imps
  A jelly (D:8)
  A giant frog zombie (D:6)
  2 giant frog skeletons
  A gnoll shaman (D:8)
  5 orc priests
  2 hounds
  7 orc wizards
  A centaur skeleton (D:4)
  An iguana (D:7)
  A killer bee zombie (D:7)
  4 worker ants
  7 ogre zombies (D:9)
  2 hound zombies
  A worker ant zombie (D:9)
  Robin (D:4)
  8 gnolls
  11 adders
  A shadow imp (D:9)
  An adder skeleton (D:8)
  A worm (D:3)
  44 orcs
  2 bat skeletons
  20 goblins
  11 hobgoblins
  9 jackals
  3 quokkas
  2 ball pythons
  19 bats
  4 giant cockroaches
  11 giant geckos
  2 giant newts
  A giant spore (D:7)
  3 goblin skeletons (D:9)
  A goblin zombie (D:9)
  2 hobgoblin skeletons (D:9)
  2 hobgoblin zombies (D:9)
  A jackal zombie (D:5)
  19 kobolds
  5 orc skeletons (D:9)
  12 orc zombies (D:9)
  A quokka zombie (D:5)
  15 rats
  7 ballistomycetes
322 creatures vanquished.

Vanquished Creatures (others)
  A slave (D:8)
  An ogre (D:8)
  A centaur (D:8)
  An iguana (D:8)
  A shadow imp (D:7)
  4 giant spores
9 creatures vanquished.

Grand Total: 331 creatures vanquished

Notes
Turn   | Place    | Note
--------------------------------------------------------------
     0 | D:1      | Lathuz, the Minotaur Fighter, began the quest for the Orb.
     0 | D:1      | Reached XP level 1. HP: 19/19 MP: 0/0
   244 | D:1      | Reached XP level 2. HP: 24/26 MP: 1/1
   674 | D:2      | Reached skill level 4 in Maces & Flails
   686 | D:2      | Reached XP level 3. HP: 31/31 MP: 2/2
  1182 | D:3      | Reached skill level 5 in Maces & Flails
  1207 | D:3      | Reached XP level 4. HP: 17/39 MP: 3/3
  1696 | D:3      | Reached skill level 6 in Maces & Flails
  1790 | D:3      | Reached XP level 5. HP: 45/45 MP: 4/4
  1937 | D:3      | Noticed a hungry ghost
  1954 | D:3      | Killed a hungry ghost
  1954 | D:3      | Reached skill level 7 in Maces & Flails
  1954 | D:3      | Reached XP level 6. HP: 38/51 MP: 5/5
  2065 | D:3      | Reached skill level 8 in Maces & Flails
  2569 | D:4      | Noticed Duvessa
  2569 | D:4      | Noticed Dowan
  2607 | D:4      | Killed Duvessa
  2607 | D:4      | Reached XP level 7. HP: 55/57 MP: 6/6
  2610 | D:4      | Killed Dowan
  2610 | D:4      | Reached skill level 9 in Maces & Flails
  2734 | D:4      | Reached skill level 5 in Shields
  2994 | D:4      | Found a shadowy altar of Dithmenos.
  3099 | D:4      | Noticed Robin
  3277 | D:4      | Killed Robin
  3322 | D:4      | Reached skill level 10 in Maces & Flails
  3383 | D:4      | Reached XP level 8. HP: 23/66 MP: 7/7
  3771 | D:5      | Entered Level 5 of the Dungeon
  3909 | D:5      | Noticed Blork the orc
  3917 | D:5      | Killed Blork the orc
  4076 | D:5      | Found a shattered altar of Ashenzari.
  4179 | D:5      | Reached skill level 5 in Fighting
  4179 | D:5      | Reached skill level 5 in Armour
  4331 | D:5      | Found a sparkling altar of Nemelex Xobeh.
  4621 | D:6      | Found an opulent altar of Gozag.
  4675 | D:6      | Found a staircase to the Ecumenical Temple.
  4685 | Temple   | Entered the Ecumenical Temple
  4777 | Temple   | Became a worshipper of Warmaster Okawaru
  4963 | D:6      | Reached XP level 9. HP: 53/75 MP: 8/8
  5098 | D:6      | Acquired Okawaru's first power
  5152 | D:6      | Found a sacrificial altar of Ru.
  5158 | D:6      | Found a bloodstained altar of Trog.
  5164 | D:6      | Found a shadowy altar of Dithmenos.
  5262 | D:7      | Found Fairph's General Store.
  5758 | D:7      | Found a glowing silver altar of Zin.
  5761 | D:7      | Noticed an angel
  6131 | D:7      | Reached skill level 10 in Shields
  6735 | D:8      | Upgraded the game from 0.17-a0-913-g36eb389 to 0.17-a0-915-g8914353
  6949 | D:8      | Noticed Pikel
  6957 | D:8      | Killed Pikel
  6957 | D:8      | Reached skill level 11 in Shields
  6957 | D:8      | Reached XP level 10. HP: 85/88 MP: 9/9
  7166 | D:8      | Found a blossoming altar of Fedhas.
  7348 | D:8      | Found a glowing golden altar of the Shining One.
  7544 | D:8      | Noticed Prince Ribbit
  7563 | D:8      | Killed Prince Ribbit
  7869 | D:9      | Found a staircase to the Orcish Mines.
  7897 | D:9      | Reached skill level 12 in Shields
  8581 | D:9      | Noticed a cyclops
  8598 | D:9      | Killed a cyclops
  8907 | D:9      | Reached skill level 13 in Shields
  9245 | D:10     | Entered Level 10 of the Dungeon
  9245 | D:10     | Noticed a hill giant
  9249 | D:10     | Noticed Josephine
  9251 | D:10     | Reached XP level 11. HP: 72/97 MP: 10/10
  9626 | D:9      | HP: 3/97 [hill giant/giant club (20)]
  9627 | D:9      | Annihilated by a hill giant

Action                   |  1- 3 |  4- 6 |  7- 9 | 10-12 || total
-------------------------+-------+-------+-------+-------++-------
Melee: Flail             |    94 |   121 |   426 |   303 ||   944
Throw: Tomahawk          |       |       |       |     2 ||     2
Invok: Heroism           |       |       |     2 |     5 ||     7
Evoke: Wand              |       |       |       |     2 ||     2
  Use: Scroll            |       |       |     4 |     2 ||     6
  Eat: Chunk             |     1 |     7 |    15 |     5 ||    28
       Bread ration      |       |       |       |     1 ||     1
       Beef jerky        |       |       |       |     1 ||     1
